 Dungeon Crawl Stone Soup version 0.29-a0-887-gcbe080d7e0 (webtiles) character file.

Game seed: 14826244559284138032

62080 soberaf the Fencer (level 15, -27/105 HPs)
             Began as a Formicid Brigand on July 21, 2022.
             Was a Follower of Uskayaw.
             Killed by an exploding bloated husk (45 damage)
             ... on level 1 of the Swamp.
             The game lasted 01:21:57 (20260 turns).

soberaf the Fencer (Formicid Brigand)              Turns: 20260, Time: 01:21:58

Health: -27/105    AC: 19    Str: 20    XL:     15   Next: 44%
Magic:  17/20      EV:  8    Int:  8    God:    Uskayaw [*.....]
Gold:   2152       SH: 20    Dex: 19    Spells: 12/14 levels left

rFire   + . .      SeeInvis +   a - +3 great sword (vamp)
rCold   + . .      Faith    .   L - +0 tower shield {rC+}
rNeg    + + .      Spirit   .   z - +0 storm dragon scales
rPois   +          Reflect  .   (helmet unavailable)
rElec   +          Harm     .   c - +0 cloak
rCorr   .          Rampage  .   w - +1 pair of gloves
Will    +....                   b - +2 pair of boots of Lightning Storm {rElec rN++ Regen+ Int-2}
Stlth   ..........              (no amulet)
HPRegen 1.07/turn               l - ring of poison resistance
MPRegen 0.17/turn               E - ring of protection from fire

@: studying Maces & Flails
A: permanent stasis, dig shafts and tunnels, antennae 3, four strong arms
a: Dig, Shaft Self, Renounce Religion, Stomp


You were on level 1 of the Swamp.
You worshipped Uskayaw.
Uskayaw was noncommittal.
You visited 3 branches of the dungeon, and saw 16 of its levels.
You also visited: Bailey and Ice Cave.

You collected 2206 gold pieces.
You spent 54 gold pieces at shops.

Inventory:

Hand Weapons
 a - a +3 vampiric great sword (weapon)
Missiles
 e - 4 curare-tipped darts
 g - 3 throwing nets
 m - 32 boomerangs (quivered)
 n - 6 javelins
 x - 21 poisoned darts
 G - 3 silver boomerangs
Armour
 b - the +2 pair of boots of Lightning Storm (worn) {rElec rN++ Regen+ Int-2}
   (You acquired it on level 8 of the Dungeon)

   Int:       It affects your intelligence (-2).
   rElec:     It insulates you from electricity.
   rN:        It greatly protects you from negative energy.
   Regen:     It increases your rate of health regeneration.
 c - a +0 cloak (worn)
 w - a +1 pair of gloves (worn)
 z - +0 storm dragon scales (worn)
 L - a +0 tower shield of cold resistance (worn)
Jewellery
 l - a ring of poison resistance (left hand)
 E - a ring of protection from fire (right hand)
 H - the ring of the Eagle {Ice Will+}
   (You found it in an ice cave)

   [ring of ice]

   It enhances your ice magic.
   rF:        It makes you vulnerable to fire.
   rC:        It protects you from cold.
   Will:      It increases your willpower.
Wands
 h - a wand of paralysis (9)
 y - a wand of iceblast (21)
 A - a wand of mindburst (3)
 D - a wand of digging (17)
Scrolls
 d - 2 scrolls of summoning
 j - 2 scrolls of fear
 p - 3 scrolls of amnesia
 r - 2 scrolls of magic mapping
 s - 2 scrolls of fog
 C - a scroll of poison
 K - a scroll of torment
Potions
 f - 5 potions of mutation
 i - 7 potions of heal wounds
 k - a potion of ambrosia
 o - a potion of lignification
 q - 2 potions of resistance
 u - 2 potions of magic
 v - 5 potions of flight
 B - 3 potions of curing
 F - 2 potions of attraction
 I - 4 potions of cancellation
Miscellaneous
 J - a phial of floods (inert)
 N - a condenser vane


   Skills:
 - Level 6.2 Fighting
 - Level 2.0(13.2) Short Blades
 - Level 19.9(20.0) Long Blades
 - Level 3.9 Throwing
 - Level 6.2 Armour
 - Level 3.7 Dodging
 - Level 4.8 Stealth
 + Level 14.2 Shields
 * Level 7.9 Invocations
 - Level 4.3 Evocations


You had 12 spell levels left.
You knew the following spells:

 Your Spells              Type           Power      Damage    Failure   Level
a - Apportation           Tloc           0%         N/A       100%        1
b - Summon Small Mammal   Summ           0%         N/A       100%        1

Your spell library contained the following spells:

 Spells                   Type           Power      Damage    Failure   Level
 Foxfire                  Conj/Fire      0%         2x1d4     100%        1
 Magic Dart               Conj           0%         1d3       100%        1
 Necrotise                Necr           0%         1d4       100%        1
 Ensorcelled Hibernation  Hex/Ice        0%         N/A       100%        2
 Passwall                 Tmut/Erth      0%         N/A       100%        2
 Scorch                   Fire           0%         2d5       100%        2
 Searing Ray              Conj           0%         2d4       100%        2
 Static Discharge         Conj/Air       0%         3-3/arc   100%        2
 Call Canine Familiar     Summ           0%         N/A       100%        3
 Conjure Flame            Conj/Fire      0%         6-21      100%        3
 Gell's Gravitas          Tloc           0%         N/A       100%        3
 Ignite Poison            Fire/Tmut/Pois 0%         N/A       100%        3
 Lesser Beckoning         Tloc           0%         N/A       100%        3
 Portal Projectile        Hex/Tloc       0%         N/A       100%        3
 Teleport Other           Tloc           0%         N/A       100%        3
 Tukima's Dance           Hex            0%         N/A       100%        3
 Dispel Undead            Necr           0%         3d6       100%        4
 Flame Wave               Conj/Fire      0%         2d4       100%        4
 Fulminant Prism          Conj/Hex       0%         3d6       100%        4
 Leda's Liquefaction      Hex/Erth       0%         N/A       100%        4
 Passage of Golubria      Tloc           0%         N/A       100%        4
 Sticky Flame             Conj/Fire      0%         2d3       100%        4
 Summon Ice Beast         Ice/Summ       0%         N/A       100%        4
 Alistair's Intoxication  Tmut/Pois      0%         N/A       100%        5
 Lee's Rapid Deconstruct  Erth           0%         3d5*      100%        5
 Summon Mana Viper        Hex/Summ       0%         N/A       100%        5
 Yara's Violent Unravell  Hex/Tmut       0%         3d3       100%        5
 Statue Form              Tmut/Erth      0%         N/A       100%        6
 Summon Cactus Giant      Summ           0%         N/A       100%        6
 Monstrous Menagerie      Summ           0%         N/A       100%        7
 Dragon's Call            Summ           0%         N/A       100%        9
 Swiftness                Air            Unusable   N/A       N/A         3

Dungeon Overview and Level Annotations

Branches:
Dungeon (10/15)            Temple (0/1) D:5            Lair (5/5) D:9
  Swamp (1/4) Lair:3       Spider (0/4) Lair:3        Slime (0/5) Lair:5
 Bailey (visited)           IceCv (visited)
    Orc: D:9-12

Altars:
Dithmenos
Fedhas
Makhleb
Nemelex Xobeh
Okawaru
Uskayaw
Vehumet
Wu Jian
Yredelemnul
Zin
The Shining One
Jiyva

Shops:
D:7 (   D:8 [

Annotations:
D:4 2 transporters, exclusion: 3 doors
D:10 Maurice, Urug
Lair:1 3 runed translucent doors, Vorhees's ghost, journeyman DjIE


Innate Abilities, Weirdness & Mutations

You cannot be hasted, slowed, berserked, paralysed or teleported.
You can dig through walls and to a lower floor.
You have a pair of large antennae on your head. (SInv)
Your four strong arms can wield two-handed weapons with a shield.


Message History

The boomerang completely misses the bunyip.
Throw: 32 boomerangs
Press: ? - help, Q - select action, (/) - cycle Shift-Dir - straight line, f/p - bunyip
Aim: a bunyip (lightly wounded, 65% to hit)
You throw a boomerang. The boomerang barely misses the bunyip.
You block the bunyip's attack. x2; The bunyip claws you!!
An alligator comes into view.
You closely miss the bunyip.
The bunyip is lightly wounded.
The alligator puts on a burst of speed!
You slice the bunyip!!
You feel better.
The bunyip is moderately wounded.
You closely miss the bunyip.
The bunyip is moderately wounded.
A bloated husk comes into view.
You block the bunyip's attack. x2; The bunyip claws you!!
Press: ? - help, v - describe, . - travel
Here: a bloated husk The floor.
You slash the bunyip!
You feel better.
The bunyip is heavily wounded.
You closely miss the bunyip.
The bunyip is heavily wounded.
Okay, then.
You closely miss the bunyip.
The bunyip is heavily wounded.
A tyrant leech comes into view.
The alligator barely misses you.
The alligator tail-slaps you but does no damage.
Unknown command.
You stomp with the beat, sending a shockwave through the revellers around you!
The alligator is moderately wounded.
The bunyip is severely wounded.
The bloated husk is heavily damaged.
The bunyip claws you! x2; The bunyip claws you!!
* * * LOW HITPOINT WARNING * * *
The bloated husk explodes!
The blast of putrescent gases engulfs the alligator!!
The blast of putrescent gases engulfs you!!!
You die...

♣♣...♣♣♣♣≈..≈..###...#
≈.≈§..≈≈♣.§≈..........
..≈≈≈...♣w≈≈≈.....##. #
....≈≈.♣.≈≈≈..#...##..#
...♣♣.≈≈≈≈≈.≈.........##
.≈≈♣♣.≈≈≈≈.≈≈♣...###....
≈♣♣♣♣♣.≈≈≈.♣♣§≈.###.....
♣♣ ♣.≈≈.≈♣≈.≈≈........
§♣ ♣....>..≈§t@.≈≈≈♣≈.
.♣ ♣.......≈..x..≈.♣ ♣♣
..≈≈≈[.≈≈≈≈≈≈≈≈≈≈...
≈≈.≈≈≈.≈≈≈≈≈≈≈≈......
...≈≈≈.≈.≈≈≈≈≈≈.≈♣≈≈≈
≈.♣.≈≈....≈..≈..
♣.≈≈≈..≈♣≈≈....
.≈≈≈≈≈≈.♣...≈.


You could see a bunyip, an alligator (wandering, swift) and a tyrant leech.

Vanquished Creatures
  An azure jelly (IceCv)
  An orc warlord (Bailey)
  A quicksilver ooze (IceCv)
  21 slime creatures (IceCv)
  2 boulder beetles (Lair:4)
  5 hydras
  3 catoblepae (Lair:5)
  An alligator (Swamp:1)
  A two-headed ogre (D:9)
  12 death yaks
  A fire crab (Lair:4)
  Pikel (D:4)
  2 lindwurms
  2 manticores (Lair:5)
  2 ice statues (IceCv)
  8 black mambas
  6 cane toads
  A kobold demonologist (D:10)
  3 rime drakes
  10 komodo dragons
  2 entropy weaver simulacra (IceCv)
  3 polar bears
  2 tyrant leeches (Swamp:1)
  A troll (D:10)
  19 blink frogs
  Sigmund (D:6)
  5 wyverns
  63 yaks
  4 basilisks
  A steam dragon (D:7)
  A vampire mosquito (D:6)
  2 wargs (D:9)
  2 swamp worms (D:7)
  Duvessa (D:6)
  An acid dragon (D:9)
  2 demonic crawler simulacra (IceCv)
  16 water moccasins
  5 orc warriors
  2 sky beasts
  5 wolves (Lair:5)
  2 ugly thing simulacra (IceCv)
  A black bear (Lair:3)
  3 ogres
  4 centaurs
  2 lemures (D:4)
  2 phantoms
  4 kobold brigands
  12 bullfrogs
  A glowing shapeshifter simulacrum (IceCv)
  5 scorpions
  2 necrophages
  Dowan (D:6)
  14 wights
  An elephant simulacrum (Lair:5)
  4 electric eels
  4 howler monkeys
  A lava snake (D:8)
  3 orc priests
  A gnoll bouda (D:7)
  4 jellies
  Terence (D:2)
  An iguana (D:5)
  7 orc wizards
  A polar bear simulacrum (Lair:5)
  A wolf simulacrum (Lair:5)
  Robin (D:2)
  13 gnolls
  13 adders
  4 white imps
  7 worms
  A dart slug (D:1)
  35 orcs
  4 bats
  11 endoplasms
  8 giant cockroaches
  7 hobgoblins
  37 kobolds
  5 quokkas
  3 ball pythons
  6 frilled lizards
  22 goblins
  7 rats
488 creatures vanquished.

Vanquished Creatures (collateral kills)
  An azure jelly (IceCv)
1 creature vanquished.

Vanquished Creatures (others)
  A bloated husk (Swamp:1)
  An orc priest (D:8)
  A kobold (D:7)
  A bush (D:5)
  A fungus (Lair:5)
  21 plants
26 creatures vanquished.

Grand Total: 515 creatures vanquished

Notes
Turn   | Place    | Note
-------+----------+-------------------------------------------
     0 | D:1      | soberaf the Formicid Brigand began the quest for the Orb.
     0 | D:1      | Reached XP level 1. HP: 16/16 MP: 1/1
   178 | D:1      | Reached XP level 2. HP: 21/23 MP: 2/2
   573 | D:1      | Reached XP level 3. HP: 29/29 MP: 3/3
  1115 | D:2      | Noticed Terence
  1632 | D:2      | Reached XP level 4. HP: 32/37 MP: 4/4
  2312 | D:2      | Killed Terence
  2313 | D:2      | Reached XP level 5. HP: 15/42 MP: 5/5
  2539 | D:2      | Noticed Robin
  2572 | D:2      | Killed Robin
  2573 | D:2      | Reached skill level 1 in Long Blades
  3206 | D:2      | Reached skill level 2 in Long Blades
  3295 | D:3      | Found a sparkling altar of Nemelex Xobeh.
  3301 | D:3      | Found a blossoming altar of Fedhas.
  3326 | D:3      | Found a hide-covered altar of Uskayaw.
  3350 | D:3      | Became a worshipper of Uskayaw the Reveller
  3405 | D:3      | Reached * piety under Uskayaw
  3763 | D:3      | Reached XP level 6. HP: 48/48 MP: 6/6
  3942 | D:3      | Reached ** piety under Uskayaw
  4171 | D:3      | Reached skill level 3 in Long Blades
  4302 | D:4      | Found a transporter.
  4304 | D:4      | Noticed a fire bat
  4304 | D:4      | Noticed a fire bat
  4305 | D:4      | Noticed a fire bat
  4427 | D:4      | Found an ornate altar of the Wu Jian Council.
  4482 | D:4      | Found a transporter.
  4488 | D:4      | Reached *** piety under Uskayaw
  4556 | D:4      | Identified the +8 dagger "Vyargheil" {vorpal, rN+ Str+4}
  4638 | D:4      | Reached skill level 4 in Long Blades
  4650 | D:4      | Noticed an ogre
  4663 | D:4      | Killed an ogre
  4664 | D:4      | Reached XP level 7. HP: 37/54 MP: 2/7
  4810 | D:4      | Found a burning altar of Makhleb.
  4816 | D:4      | Noticed a green death
  4817 | D:4      | Found a glowing silver altar of Zin.
  4817 | D:4      | Noticed an angel
  4828 | D:4      | Reached skill level 5 in Long Blades
  5145 | D:4      | Noticed Pikel
  5155 | D:4      | Killed Pikel
  5156 | D:4      | Reached skill level 7 in Long Blades
  5156 | D:4      | Reached XP level 8. HP: 42/60 MP: 8/8
  5535 | D:5      | Entered Level 5 of the Dungeon
  5598 | D:5      | Reached skill level 8 in Long Blades
  5690 | D:5      | Found an iron altar of Okawaru.
  6017 | D:5      | Reached skill level 9 in Long Blades
  6021 | D:5      | Reached XP level 9. HP: 27/65 MP: 9/9
  6038 | D:5      | Reached **** piety under Uskayaw
  6338 | D:5      | Found a basalt altar of Yredelemnul.
  6412 | D:5      | Found a staircase to the Ecumenical Temple.
  6449 | D:6      | Reached skill level 10 in Long Blades
  6518 | D:6      | Noticed Sigmund
  6525 | D:6      | Killed Sigmund
  6826 | D:6      | Reached skill level 11 in Long Blades
  7028 | D:6      | Identified the +4 hand axe of Dismay {vamp, Str+4}
  7053 | D:6      | Found a glowing golden altar of the Shining One.
  7155 | D:6      | Noticed Duvessa
  7174 | D:6      | Killed Duvessa
  7175 | D:6      | Reached skill level 1 in Armour
  7175 | D:6      | Noticed Dowan
  7194 | D:6      | Killed Dowan
  7519 | D:7      | Found a radiant altar of Vehumet.
  7523 | D:7      | Reached XP level 10. HP: 32/71 MP: 10/10
  7539 | D:7      | Reached skill level 1 in Invocations
  8511 | D:7      | Reached skill level 5 in Invocations
  9100 | D:7      | Learned a level 1 spell: Apportation
  9957 | D:7      | Found Ycuetire's Weapon Emporium.
 10132 | D:8      | Found a flagged portal.
 10181 | Bailey   | Entered a bailey
 10213 | Bailey   | Noticed an orc warlord
 11217 | Bailey   | Found a runed translucent gate.
 11228 | Bailey   | Found a runed translucent gate.
 11229 | Bailey   | Found a runed translucent gate.
 11387 | Bailey   | Killed an orc warlord
 11388 | Bailey   | Reached skill level 12 in Long Blades
 11613 | D:8      | Reached skill level 13 in Long Blades
 11613 | D:8      | Reached XP level 11. HP: 81/81 MP: 16/16
 11625 | D:8      | Identified a scroll of acquirement
 11625 | D:8      | Acquired the +2 pair of boots of Lightning Storm {rElec
                  | rN++ Regen+ Int-2}
 11758 | D:8      | Reached XP level 12. HP: 88/88 MP: 17/17
 11790 | D:8      | Reached ***** piety under Uskayaw
 11803 | D:8      | Learned a level 1 spell: Summon Small Mammal
 12068 | D:8      | Found Arulo's Armour Emporium.
 12087 | D:8      | Bought a +0 buckler for 54 gold pieces
 12221 | D:9      | Reached skill level 1 in Shields
 12463 | D:9      | Found a staircase to the Lair.
 12584 | D:9      | Noticed a two-headed ogre
 12589 | D:9      | Killed a two-headed ogre
 12590 | D:9      | Reached skill level 14 in Long Blades
 12983 | D:10     | Entered Level 10 of the Dungeon
 13075 | D:10     | HP: 4/88 [burnt (3)]
 13270 | D:10     | Reached skill level 5 in Shields
 13327 | D:10     | Identified the +5 ring mail of the Original Sin {Fly Str+2
                  | Dex-5}
 13412 | D:10     | Noticed Urug
 13412 | D:10     | Noticed Maurice
 13468 | Lair:1   | Entered Level 1 of the Lair of Beasts
 13663 | Lair:1   | Reached skill level 15 in Long Blades
 13678 | Lair:1   | Reached ****** piety under Uskayaw
 13804 | Lair:1   | Identified the +2 leather armour of Intercession {rCorr
                  | Str+4 Int+2}
 13906 | Lair:1   | Reached XP level 13. HP: 92/93 MP: 18/18
 13950 | Lair:1   | Found a runed translucent gate.
 13950 | Lair:1   | Found a runed translucent gate.
 13950 | Lair:1   | Found a runed translucent gate.
 13952 | Lair:1   | Noticed an 11-headed hydra
 13952 | Lair:1   | Noticed Vorhees's ghost (journeyman DjIE)
 13952 | Lair:1   | Noticed a ten-headed hydra
 15077 | Lair:3   | Identified the +5 trident "Dragon's Tongue" {freeze, rF+
                  | rN+ Str+3 Dex+2}
 15170 | Lair:3   | Found a hole to the Spider Nest.
 15188 | Lair:3   | Noticed a four-headed hydra
 15195 | Lair:3   | Killed a six-headed hydra
 15196 | Lair:3   | Reached skill level 16 in Long Blades
 15226 | Lair:3   | Noticed a five-headed hydra
 15234 | Lair:3   | Killed a five-headed hydra
 15353 | Lair:3   | Found a staircase to the Swamp.
 15406 | Lair:3   | Found a shadowy altar of Dithmenos.
 16032 | Lair:4   | Noticed a four-headed hydra
 16043 | Lair:4   | Killed a four-headed hydra
 16044 | Lair:4   | Reached skill level 17 in Long Blades
 16044 | Lair:4   | Reached skill level 10 in Shields
 16253 | Lair:4   | Reached XP level 14. HP: 96/100 MP: 19/19
 17366 | Lair:4   | Reached skill level 18 in Long Blades
 17599 | Lair:4   | Identified the +11 dire flail of Voukhy {speed, rElec Will+
                  | Int-3}
 17876 | Lair:5   | Entered Level 5 of the Lair of Beasts
 18240 | Lair:5   | Found a viscous altar of Jiyva.
 18240 | Lair:5   | Found a staircase to the Slime Pits.
 18402 | Lair:5   | Found a frozen archway.
 18421 | IceCv    | Entered an ice cave
 18832 | IceCv    | Noticed a quicksilver ooze
 18848 | IceCv    | Killed a quicksilver ooze
 18850 | IceCv    | HP: 5/100 [entropy weaver simulacrum (13)]
 18988 | IceCv    | Reached skill level 19 in Long Blades
 19265 | IceCv    | Reached XP level 15. HP: 105/105 MP: 20/20
 19294 | IceCv    | Found a viscous altar of Jiyva.
 19294 | IceCv    | Noticed an azure jelly
 19296 | IceCv    | Noticed an azure jelly
 19303 | IceCv    | Killed an azure jelly
 19309 | IceCv    | Killed an azure jelly
 19326 | IceCv    | Got the ring of the Eagle {Ice Will+}
 20005 | Lair:5   | Got Zinuwun's Almanac of Cheese
 20126 | Swamp:1  | Entered Level 1 of the Swamp
 20231 | Swamp:1  | Acquired 995 gold pieces
 20260 | Swamp:1  | Killed by an exploding bloated husk

Illustrated notes

Levels and vault maps discovered:
D:1:      mrwooster_arrival_statue, layout_rooms
D:2:      layout_basic, serial_corexii_hall, corexii_hall_statues_x,
          corexii_hall_statues_u, corexii_hall_statues_t,
          chequers_hall_statues_wall_a, kennysheep_generic_room_15, uniq_robin,
          uniq_terence
D:3:      layout_basic, fedhas_altar_1, overflow_temple_1_default,
          nemelex_xobeh_ov_fountains_minmay
D:4:      gammafunk_cloud_chamber, layout_basic,
          grunt_temple_overflow_order_and_chaos_2, nicolae_wu_jian_wuxing_cycle,
          kennysheep_small_circle, uniq_pikel
D:5:      layout_basic, mainiacjoe_overflow_catch_the_wave,
          minmay_temple_entry_enclosed_plants, minmay_misc_feat_x,
          minmay_misc_feat_nine_boxes
D:6:      hangedman_cross_stitches, layout_loops_ring, kennysheep_mini_moat,
          uniq_sigmund, uniq_duvessa
D:7:      layout_cave_pools, fiery_altar_vehumet, serial_shops,
          nicolae_shop_bloodbath_and_beyond, grunt_ministairs_9, worms_lemuel
D:8:      layout_gridville, serial_shops, shop, enter_bailey_5,
          kennysheep_cluttered_room
D:9:      layout_roguey, erik_lair_orcish_takeover
D:10:     layout_basic, uniq_maurice, uniq_fannar, uniq_urug
Lair:1:   layout_cave_pods, gammafunk_ghost_hydra_chop, grunt_megastairs_4,
          infiniplex_staircase_pool
Lair:2:   layout_hall_layers
Lair:3:   layout_big_grid, minmay_swamp_entry_eels,
          nicolae_spider_entry_non_spiders, basic_altar
Lair:4:   nzn_winding_woodlands_huge [nzn_winding_woodlands_5x15_pool,
          nzn_winding_woodlands_5x15_split_checker,
          nzn_winding_woodlands_5x15_concentric,
          nzn_winding_woodlands_5x15_parted, nzn_winding_woodlands_5x15_crooked,
          nzn_winding_woodlands_5x15_pockets,
          nzn_winding_woodlands_5x15_pathside_ponds,
          nzn_winding_woodlands_5x15_sidewinder,
          nzn_winding_woodlands_5x15_default,
          nzn_winding_woodlands_5x15_longhouse,
          nzn_winding_woodlands_center_diamonds,
          nzn_winding_woodlands_center_triple_pond,
          nzn_winding_woodlands_15x15_boxy_spiral], layout_regular_city,
          beast_lair_carwin_6
Lair:5:   evilmike_catoblepas_cave, layout_cave_pods, slime_entry_1,
          portal_ice_cave_entry_ice_simulacra, minivault_19
Swamp:1:  layout_basic_swamp, evilmike_swamp_ruin_rubble_1,
          hangedman_swamp_blocks, hangedman_swamp_lotus, swamp_pool2,
          uniq_donald, uniq_kirke

Skill      XL: |  1  2  3  4  5  6  7  8  9 10 11 12 13 14 15 |
---------------+----------------------------------------------+-----
Fighting       | 3 4 6 |  6.2
Throwing       | 3 |  3.9
Long Blades    | 2 4 7 9 11 13 15 17 19 | 19.9
Armour         | 4 6 |  6.2
Invocations    | 7 |  7.9
Dodging        | 3 |  3.7
Evocations     | 4 |  4.3
Shields        | 6 10 13 14 | 14.2
Short Blades   | |  2.0
Stealth        | |  4.8

Action                   |  1- 3 |  4- 6 |  7- 9 | 10-12 | 13-15 || total
-------------------------+-------+-------+-------+-------+-------++-------
Melee: Dagger            |   114 |    57 |   144 |       |       ||   315
       Long sword        |       |   146 |    36 |    41 |       ||   223
       Punch             |       |     1 |     2 |     4 |       ||     7
       Scimitar          |       |       |       |   156 |       ||   156
       Great sword       |       |       |       |   278 |   829 ||  1107
Throw: Dart              |       |     5 |    25 |    37 |    31 ||    98
       Stone             |       |     3 |       |       |       ||     3
       Boomerang         |       |    17 |    32 |   134 |   128 ||   311
Invok: Line Pass         |       |     1 |       |       |     1 ||     2
       Stomp             |       |       |       |     4 |     4 ||     8
       Grand Finale      |       |       |       |       |     1 ||     1
Evoke: Wand              |       |       |       |     6 |    17 ||    23
       Phial of floods   |       |       |       |       |     2 ||     2
  Use: Scroll            |       |     6 |     4 |    16 |     7 ||    33
       Potion            |       |     2 |     1 |     4 |     1 ||     8
 Stab: Sleeping          |     7 |     6 |     8 |     1 |       ||    22
       Invisible         |       |     3 |     2 |     1 |       ||     6
       Paralysed         |       |     2 |     4 |    18 |    56 ||    80
       Confused          |       |     1 |       |       |       ||     1
       Distracted        |       |       |     1 |     1 |       ||     2
Armor: Robe              |    31 |    18 |       |       |       ||    49
       Ring mail         |       |    43 |    33 |    62 |       ||   138
       Storm dragon scal |       |       |       |   129 |   283 ||   412
Dodge: Dodged            |    48 |   118 |    52 |   222 |   182 ||   622
Block: Buckler           |       |       |       |    47 |    13 ||    60
       Kite shield       |       |       |       |       |   253 ||   253
       Tower shield      |       |       |       |       |   190 ||   190

Table legend: (Time is in decaauts)
 A = Elapsed time spent in this place.
 B = Non-inter-level travel time spent in this place.
 C = Inter-level travel time spent in this place.
 D = Time resting spent in this place.
 E = Time spent auto-exploring this place.
 F = Levels seen in this place.
 G = Mean time per level.
                   A        B        C        D        E       F      G
               +--------+--------+--------+--------+--------+-----+--------+
         Total |  20182 |  19361 |    821 |   3970 |   8668 |  18 | 1121.2 |
       Dungeon |  12001 |  11452 |    549 |   2727 |   4994 |  10 | 1200.1 |
          Lair |   5604 |   5333 |    271 |    137 |   3454 |   5 | 1120.8 |
         Swamp |    138 |    138 |      0 |      0 |     69 |   1 |  138.0 |
        Bailey |   1426 |   1426 |      0 |    847 |     10 |   1 | 1426.0 |
      Ice Cave |   1012 |   1012 |      0 |    258 |    140 |   1 | 1012.0 |
               +--------+--------+--------+--------+--------+-----+--------+

Top non-repeatable levels by time:
     D:2: 2146 daAuts
     D:6: 1931 daAuts
  Lair:4: 1725 daAuts
     D:7: 1628 daAuts
  Bailey: 1426 daAuts
     D:4: 1234 daAuts
  Lair:5: 1162 daAuts
     D:1: 1146 daAuts
  Lair:1: 1109 daAuts
  Lair:3: 1092 daAuts
     D:3: 1017 daAuts
   IceCv: 1012 daAuts
     D:5: 875 daAuts
     D:9: 863 daAuts
     D:8: 762 daAuts
